AoeStats
← 公鸡神探

Four Lakes

503630074Analyzed
4v4 RM · 1mo ago on Sep 1, 2026· 61m 51s· 8 players
Game mode
Random Map
Map size
Large (8 player)
Population
200
Speed
Normal
Resources
Standard
Victory
Conquest
Starting age
Dark Age
Ending age
Imperial Age
RankedLock teamsTeams togetherTeam positionsShared explorationLock speedFull tech treeHidden civsTurbo modeCheats
Victory
Defeat
🇨🇳 Franks · China
1199
+16
🇨🇳 Vikings · China
1176
+17
🇫🇷 Franks · France
1172
+17
1115
+20
🇮🇳 Ethiopians · India
1290
-22
🇨🇳 Tatars · China
1215
-18
🇹🇼 Teutons · Taiwan
1154
-15
🇮🇳 Teutons · India
1130
-14
Kaila
10:49 Feudal Age
11:06 Loom
17:16 Castle Age
21:41 Scale Mail Armor
24:31 Double-Bit Axe
27:51 Husbandry
28:03 Scale Barding Armor
30:48 Forging
33:06 Gold Mining
33:40 Stone Mining
36:34 Bow Saw
42:27 Imperial Age
42:12 Gold Shaft Mining
42:31 Iron Casting
42:43 Wheelbarrow
42:27 Cavalier
44:56 Paladin
公鸡神探
6:45 Loom
9:10 Feudal Age
9:47 Man-at-Arms
11:08 Horse Collar
11:27 Double-Bit Axe
14:19 Town Watch
22:00 Castle Age
23:25 Fletching
23:25 Pikeman
25:41 Scale Mail Armor
29:46 Elite Skirmisher
30:25 Bodkin Arrow
32:25 Forging
34:41 Chain Mail Armor
40:17 Imperial Age
38:47 Padded Archer Armor
39:52 Squires
39:37 Arson
41:17 Iron Casting
40:24 Crossbowman
41:42 Bracer
42:10 Arbalester
43:27 Leather Archer Armor
44:16 Chemistry
43:36 Ballistics
44:23 Bogsveigar
44:44 Conscription
45:58 Capped Ram
48:02 Chieftains
48:15 Siege Ram
50:03 Ring Archer Armor
53:48 Siege Engineers
[OIDA] NoTradeBeforeImp
5:17 Loom
12:39 Feudal Age
17:22 Castle Age
16:33 Town Watch
17:23 Wheelbarrow
16:44 Fishing Lines
17:09 Double-Bit Axe
18:28 Husbandry
19:25 Husbandry
20:19 Scale Barding Armor
22:56 Forging
23:07 Chain Barding Armor
22:58 Gillnets
24:31 Iron Casting
24:15 Fletching
25:23 Hand Cart
27:33 Horse Collar
33:10 Imperial Age
34:37 Conscription
34:24 Heavy Camel Rider
35:49 Royal Heirs
36:09 Gold Mining
36:10 Stone Mining
38:32 Blast Furnace
39:35 Bodkin Arrow
39:41 Padded Archer Armor
40:37 Gold Shaft Mining
41:04 Bracer
41:21 Leather Archer Armor
43:15 Bow Saw
43:10 Heavy Plow
44:01 Town Patrol
44:46 Ring Archer Armor
47:36 Elite Skirmisher
49:47 Ballistics
50:27 Chemistry
49:38 Squires
49:23 Arson
49:11 Halberdier
50:24 Thumb Ring
51:48 Scale Mail Armor
52:49 Chain Mail Armor
54:28 Plate Mail Armor
57:23 Torsion Engines
58:32 Siege Engineers
61:01 Demolition Ship
61:56 Medium Warships
无甲的joe
6:47 Loom
9:16 Feudal Age
12:50 Forging
17:16 Scale Mail Armor
17:24 Scale Barding Armor
26:50 Castle Age
28:16 Castle Age
26:15 Double-Bit Axe
27:27 Gold Mining
29:27 Chain Barding Armor
29:50 Gold Shaft Mining
31:45 Iron Casting
32:10 Bow Saw
32:52 Husbandry
40:10 Wheelbarrow
42:56 Imperial Age
40:12 Town Watch
41:01 Stone Mining
43:09 Cavalier
44:28 Plate Barding Armor
44:54 Blast Furnace
44:48 Paladin
46:22 Conscription
55:26 Caravan
Kunal
5:19 Loom
9:05 Feudal Age
10:18 Double-Bit Axe
13:46 Horse Collar
14:45 Fletching
17:13 Gold Mining
23:15 Castle Age
23:10 Stone Mining
23:17 Crossbowman
24:01 Bodkin Arrow
24:21 Thumb Ring
27:07 Ballistics
27:21 Padded Archer Armor
28:33 Leather Archer Armor
31:22 Bow Saw
35:20 Gold Shaft Mining
34:48 Heavy Plow
39:55 Imperial Age
39:59 Arbalester
40:49 Bracer
41:53 Chemistry
42:24 Ring Archer Armor
57:42 Elite Skirmisher
ravish.ratnam
6:16 Loom
12:56 Feudal Age
17:23 Castle Age
15:43 Scale Barding Armor
16:15 Bloodlines
17:02 Forging
18:40 Chain Barding Armor
24:02 Double-Bit Axe
26:34 Iron Casting
29:06 Wheelbarrow
31:03 Bow Saw
34:36 Imperial Age
33:47 Hand Cart
34:45 Cavalier
36:14 Plate Barding Armor
36:40 Blast Furnace
36:03 Horse Collar
36:45 Paladin
37:20 Fletching
40:36 Chemistry
42:09 Gold Mining
42:09 Stone Mining
42:24 Heavy Plow
44:26 Town Watch
49:03 Scale Mail Armor
52:33 Chain Mail Armor
52:25 Elite Teutonic Knight
55:19 Plate Mail Armor
54:52 Squires
61:04 Pikeman
月が綺麗
10:37 Feudal Age
11:11 Loom
11:24 Double-Bit Axe
28:13 Castle Age
27:53 Fletching
28:04 Padded Archer Armor
28:12 Horse Collar
28:50 Bloodlines
29:42 Bodkin Arrow
40:01 Gold Mining
46:01 Ballistics
50:26 Wheelbarrow
51:33 Elite Skirmisher
58:05 Town Watch
59:12 Pikeman
再讓我農一下
2:13 Loom
11:42 Feudal Age
12:50 Double-Bit Axe
14:06 Forging
16:31 Horse Collar
17:34 Scale Barding Armor
21:05 Castle Age
20:12 Bloodlines
22:09 Bow Saw
22:23 Heavy Plow
23:29 Iron Casting
28:19 Gold Mining
28:19 Stone Mining
30:13 Wheelbarrow
29:23 Town Watch
30:55 Chain Barding Armor
32:40 Hand Cart
36:03 Imperial Age
34:56 Scale Mail Armor
36:11 Fletching
38:41 Blast Furnace
38:09 Conscription
40:05 Plate Barding Armor
38:52 Cavalier
41:39 Chain Mail Armor
43:51 Crop Rotation
46:00 Two-Man Saw
45:06 Padded Archer Armor
49:09 Caravan
50:10 Hoardings
49:11 Pikeman
49:52 Squires
51:32 Bodkin Arrow
55:02 Arson
55:56 Arson
61:24 Plate Mail Armor
Connection lost

Rejoining the realm…

Still unreachable

The connection could not be restored.

Session expired

The server has moved on; the page needs a fresh start.